 Seeded DCSS version 0.31-a0-1549-g5ff9445e89 (webtiles) character file.

Game seed: 11586414655075184813 (custom seed)

95 innerfire43 the Trooper (level 4, -2/37 HPs)
             Began as a Demonspawn Wanderer on Jan 2, 2024.
             Killed from afar by Crazy Yiuf (9 damage)
             ... on level 2 of the Dungeon.
             The game lasted 00:02:48 (1167 turns).

innerfire43 the Trooper (Demonspawn Wanderer)       Turns: 1167, Time: 00:02:50

Health: -2/37      AC:  5    Str: 26    XL:     4   Next: 39%
Magic:  4/4        EV:  6    Int: 10    God:
Gold:   129        SH:  0    Dex:  9    Spells: 3/3 levels left

rFire   + . .        a - +1 mace
rCold   . . .        (no shield)
rNeg    . . .        e - +0 leather armour
rPois   .            (no helmet)
rElec   .            (no cloak)
rCorr   .            (no gloves)
SInv    .            (no boots)
Will    .....        (no amulet)
Stlth   +            h - +6 ring of strength
HPRegen 0.26/turn    f - ring of protection from fire
MPRegen 0.09/turn

%: no passive effects
@: weak-willed, held
A: molten scales 1, demonic touch 1
a: no special abilities


You were on level 2 of the Dungeon.
You visited 1 branch of the dungeon, and saw 2 of its levels.

You collected 129 gold pieces.

Inventory:

Hand Weapons
 a - a +1 mace (weapon)
 m - a +3 dagger
 p - a +3 short sword
Armour
 e - a +0 leather armour (worn)
Jewellery
 f - a ring of protection from fire (right hand)
 h - a +6 ring of strength (left hand)
Wands
 c - a wand of roots (11)
Scrolls
 d - a scroll of teleportation
 k - a scroll of noise
Potions
 b - 2 potions of berserk rage
 g - a potion of brilliance
 i - a potion of degeneration
 j - 3 potions of invisibility
 n - 2 potions of magic
 o - a potion of curing


   Skills:
 + Level 3.8 Fighting
 * Level 3.6 Maces & Flails
 - Level 1.0 Armour
 - Level 3.6 Unarmed Combat


You had 3 spell levels left.
You didn't know any spells.
Your spell library was empty.

Dungeon Overview and Level Annotations

Branches:
Dungeon (2/15)

Altars:

Shops:
D:1 (

Annotations:
D:2 Crazy Yiuf


Innate Abilities, Weirdness & Mutations

You are partially covered in molten scales. (AC +2)
Your touch may inflict minor irresistible damage on your foes.


Message History

p - a +3 short sword
l - 4 scrolls of identify (gained 1)
Found a hammer.
Found a runed translucent door.
Crazy Yiuf shouts!
f - a ring of protection from fire (right hand)
As you read the scroll of identify, it crumbles to dust.
n - 2 potions of magic
As you read the scroll of identify, it crumbles to dust.
i - a potion of degeneration
As you read the scroll of identify, it crumbles to dust.
o - a potion of curing
As you read the scroll of identify, it crumbles to dust.
g - a potion of brilliance Crazy Yiuf glowers.
Okay, then.
Okay, then.
As you open the door, it creaks loudly!
You hit Crazy Yiuf.
You touch Crazy Yiuf!
Crazy Yiuf is severely wounded.
Crazy Yiuf grits, "Mugger hog light!"
Crazy Yiuf hits you with a +2 quarterstaff of chaos!
Crazy Yiuf freezes you.
You hit Crazy Yiuf but do no damage.
Crazy Yiuf is severely wounded.
Crazy Yiuf hits you with a +2 quarterstaff of chaos!
Your willpower is stripped away!
You hit Crazy Yiuf.
Crazy Yiuf is severely wounded.
Crazy Yiuf closely misses you.
You hit Crazy Yiuf but do no damage. Your touch misses Crazy Yiuf.
Crazy Yiuf is severely wounded.
Crazy Yiuf hits you with a +2 quarterstaff of chaos.
Crazy Yiuf draws strength from your wounds!
You hit Crazy Yiuf.
Crazy Yiuf is severely wounded.
Crazy Yiuf hits you with a +2 quarterstaff of chaos!
* * * LOW HITPOINT WARNING * * *
The Crazy Yiuf's quarterstaff of chaos hits you!
You are caught in a web!
You die...

####### ####♣♣ ###
#...#.. ##....♣♣
♣♣#..)# #.....#
#......♣♣♣♣@g...#
#....##
#.......♣..♣#...#
#....[> #.#....♣.♣♣♣
### ###...###
#.###♣♣♣♣♣
##..†..... #..#
#..#[.....
##.###########
###.####....
#...........####..##
#...>
###########......##
#.... ##...### ##...


You could see Crazy Yiuf.

Vanquished Creatures
  Ijyb (D:2)
  An adder (D:2)
  3 dart slugs
  A ribbon worm (D:2)
  4 bats
  2 endoplasms (D:2)
  2 giant cockroaches
  8 goblins
  6 hobgoblins
  6 jackals
  2 quokkas (D:1)
  A ball python (D:2)
  3 kobolds
  6 rats
46 creatures vanquished.

Notes
Turn   | Place    | Note
-------+----------+-------------------------------------------
     0 | D:1      | innerfire43 the Demonspawn Wanderer began the quest for the
                  | Orb.
     0 | D:1      | innerfire43 set off with the following items: a +1 mace, a
                  | potion of berserk rage, a potion of heal wounds, a scroll
                  | of teleportation, a +0 leather armour.
     0 | D:1      | Reached XP level 1. HP: 18/18 MP: 1/1
   113 | D:1      | Gained mutation: Your touch may inflict minor irresistible
                  | damage on your foes. [demonic ancestry]
   113 | D:1      | Reached XP level 2. HP: 24/24 MP: 2/2
   403 | D:1      | Found Zistiff's Weapon Shoppe.
   568 | D:2      | Gained mutation: You are partially covered in molten
                  | scales. (AC +2) [demonic ancestry]
   568 | D:2      | Reached XP level 3. HP: 29/29 MP: 3/3
   801 | D:2      | Noticed Ijyb
   823 | D:2      | Killed Ijyb
   824 | D:2      | Reached XP level 4. HP: 25/37 MP: 4/4
  1153 | D:2      | Found a runed translucent door.
  1154 | D:2      | Noticed Crazy Yiuf
  1167 | D:2      | Killed from afar by Crazy Yiuf

Illustrated notes

Levels and vault maps discovered:
D:1:      shiori_arrival_elements, layout_basic, serial_shops,
          nicolae_shop_bloodbath_and_beyond
D:2:      kennysheep_the_goblin_king, layout_rooms, uniq_crazy_yiuf_cottage

Skill      XL: |  1  2  3 |
---------------+----------+-----
Maces & Flails | 2 3 |  3.6
Fighting       | |  3.8
Armour         | |  1.0
Unarmed Combat | |  3.6

Action                     |  1- 3 |  4- 6 || total
---------------------------+-------+-------++-------
  Melee: Mace              |    83 |    24 ||   107
         Touch             |     8 |     1 ||     9
         Punch             |     2 |     1 ||     3
    Use: Scroll            |     2 |     4 ||     6
         Potion            |     1 |       ||     1
 Armour: Leather armour    |    76 |    20 ||    96
  Dodge: Dodged            |    72 |     6 ||    78

Table legend: (Time is in decaauts)
 A = Elapsed time spent in this place.
 B = Non-inter-level travel time spent in this place.
 C = Inter-level travel time spent in this place.
 D = Time resting spent in this place.
 E = Time spent auto-exploring this place.
 F = Levels seen in this place.
 G = Mean time per level.
                   A        B        C        D        E       F      G
               +--------+--------+--------+--------+--------+-----+--------+
         Total |   1193 |   1181 |     12 |      0 |    875 |   2 |  596.5 |
       Dungeon |   1193 |   1181 |     12 |      0 |    875 |   2 |  596.5 |
               +--------+--------+--------+--------+--------+-----+--------+

Top non-repeatable levels by time:
     D:2: 651 daAuts
     D:1: 541 daAuts
